 Dungeon Crawl Stone Soup version 0.30-a0-777-ga9a30cbeda (webtiles) character file.

Game seed: 2499293016985680680

40 Crownlay the Sneak (level 3, -3/25 HPs)
             Began as a Gnoll Wanderer on Feb 13, 2023.
             Was a Follower of Uskayaw.
             Slain by a gnoll
             ... wielding a +0 spear
              (8 damage)
             ... on level 2 of the Dungeon.
             The game lasted 00:02:45 (1262 turns).

Crownlay the Sneak (Gnoll Wanderer)                 Turns: 1262, Time: 00:02:46

Health: -3/25      AC:  3    Str:  9    XL:     3   Next: 50%
Magic:  6/7        EV: 13    Int: 16    God:    Uskayaw [*.....]
Gold:   31         SH:  0    Dex: 10    Spells: 6/7 levels left

rFire   + . .      SeeInvis .    a - +0 quarterstaff
rCold   + . .      Faith    .    (shield currently unavailable)
rNeg    . . .      Spirit   .    d - +0 robe
rPois   .          Reflect  .    (no helmet)
rElec   .          Harm     .    i - scarf {rC+ rF+}
rCorr   .          Rampage  .    (no gloves)
Will    .....                    b - +0 pair of boots
Stlth   +++                      (no amulet)
HPRegen 0.24/turn                (no ring)
MPRegen 0.10/turn                (no ring)

@: brilliant
A: fangs 1, strong nose, distributed training
a: Renounce Religion, Stomp


You were on level 2 of the Dungeon.
You worshipped Uskayaw.
Uskayaw was noncommittal.
You visited 1 branch of the dungeon, and saw 2 of its levels.

You collected 31 gold pieces.

Inventory:

Hand Weapons
 a - a +0 quarterstaff (weapon)
Armour
 b - a +0 pair of boots (worn)
 d - a +0 robe (worn)
 i - a scarf of resistance (worn)
Jewellery
 h - a ring of ice
Scrolls
 c - 2 scrolls of fog
 e - 2 scrolls of identify
Potions
 g - a potion of attraction
 j - a potion of berserk rage {unknown}


   Skills:
 + Level 0.9 Fighting
 + Level 0.9 Short Blades
 + Level 0.9 Long Blades
 + Level 0.9 Axes
 + Level 0.9 Maces & Flails
 + Level 0.9 Polearms
 + Level 2.6 Staves
 + Level 0.9 Ranged Weapons
 + Level 0.9 Throwing
 + Level 0.9 Armour
 + Level 4.5 Dodging
 + Level 6.0 Stealth
 + Level 0.9 Shields
 + Level 0.9 Unarmed Combat
 + Level 2.8 Spellcasting
 + Level 0.6 Conjurations
 + Level 5.4 Hexes
 + Level 0.6 Summonings
 + Level 0.6 Necromancy
 + Level 0.6 Translocations
 + Level 0.6 Transmutations
 + Level 0.6 Fire Magic
 + Level 0.6 Ice Magic
 + Level 0.6 Air Magic
 + Level 0.6 Earth Magic
 + Level 0.6 Poison Magic
 + Level 1.0 Invocations
 + Level 0.9 Evocations


You had 6 spell levels left.
You knew the following spells:

 Your Spells              Type           Power      Damage    Failure   Level
a - Slow                  Hex            100%       N/A       1%          1

Your spell library contained the following spells:

 Spells                   Type           Power      Damage    Failure   Level
 Dazzling Flash           Conj/Hex       36%        N/A       16%         3
 Cause Fear               Hex            14%        N/A       21%         4
 Scorch                   Fire           12%        2d5       22%         2
 Flame Wave               Conj/Fire      6%         2d5       82%         4
 Summon Cactus Giant      Summ           3%         N/A       100%        6


Dungeon Overview and Level Annotations

Branches:
Dungeon (2/15)

Altars:
Uskayaw


Innate Abilities, Weirdness & Mutations

You have very sharp teeth.
Your uncanny sense of smell can sniff out nearby items.
Your experience applies equally to all skills.


Message History

No target in view!
No target in view!
No target in view!
No target in view!
Found a ruby potion.
There is a hide-covered altar of Uskayaw here.
You kneel at the altar of Uskayaw.
Uskayaw welcomes you!
HP restored.
j - a ruby potion
Found 5 stones. 2 gnolls come into view.
You see here Sumpo's Beginning Course on Incantation.
There are monsters nearby!
A gnoll comes into view. It is wielding a +0 spear.
The gnoll shouts!
You hear a shout!
You see here Sumpo's Beginning Course on Incantation.
The gnoll drinks a potion.
The gnoll flickers and vanishes!
Deactivating autopickup; reactivate with Ctrl-A.
You see here 5 stones.
Something hits you.
You sock something! Something hits you. Something hits you!
You can now stomp with the beat.
Casting: Slow (safe; 1% risk of failure)
Confirm with . or Enter, or press ? or * to list all spells.
Aiming: Slow (safe; 1% risk of failure)
Press: ? - help, Shift-Dir - straight line, f - gnoll
Aim: a gnoll, wielding a +0 quarterstaff (chance to affect: 61%)
The gnoll resists with significant effort.
Something hits you.
* * * LOW HITPOINT WARNING * * *
As you read the scroll labelled ROULAI ENEGI, it crumbles to dust.
It is a scroll of identify.
g - a potion of attraction Something hits you.
* * * LOW HITPOINT WARNING * * *
It was a potion of brilliance.
You feel clever all of a sudden. The gnoll barely misses you.
Something hits you!
You die...

##. ...###.#
.g .......
#.## ##.....
... .....
∆.. ... #.##
#.# #..# #.#
#.###..###g#
#......:.#@#
#.####.#.#.#
#.!.#.(# ∆
#.###.#.##
... #.##.#
##.
###.###.#.##
#.. #...#.##
#.# #.## #.#
#.#######
#.#


You could see a gnoll.

Vanquished Creatures
  A dart slug (D:1)
  A ball python (D:1)
  3 bats (D:1)
  3 endoplasms (D:1)
  2 giant cockroaches (D:1)
  3 goblins (D:1)
  5 hobgoblins (D:1)
  3 kobolds (D:1)
  5 quokkas
  2 frilled lizards
  4 rats
32 creatures vanquished.

Notes
Turn   | Place    | Note
-------+----------+-------------------------------------------
     0 | D:1      | Crownlay the Gnoll Wanderer began the quest for the Orb.
     0 | D:1      | Crownlay set off with the following items: a +0
                  | quarterstaff, a +0 pair of boots, a scroll of fog, a +0
                  | robe; and the following spell memorised: Slow; and the
                  | following spells available to memorise: Dazzling Flash,
                  | Cause Fear.
     0 | D:1      | Reached XP level 1. HP: 13/13 MP: 4/4
   132 | D:1      | You fall into a shaft and drop 1 floor!
   229 | D:1      | Reached XP level 2. HP: 12/19 MP: 5/5
   421 | D:1      | Reached XP level 3. HP: 7/25 MP: 4/7
   428 | D:1      | Reached skill level 6 in Stealth
   677 | D:1      | Reached skill level 1 in Invocations
  1205 | D:2      | Found a hide-covered altar of Uskayaw.
  1224 | D:2      | Became a worshipper of Uskayaw the Reveller
  1259 | D:2      | Reached * piety under Uskayaw
  1262 | D:2      | Slain by a gnoll

Illustrated notes

Levels and vault maps discovered:
D:1:      lemuel_arrival_muddy, layout_loops_ring, serial_park_tiny_1,
          minmay_misc_feat_secret_circle
D:2:      layout_loops_ring, basic_altar, uniq_crazy_yiuf_cottage

Skill      XL: |  1  2  3 |
---------------+----------+-----
Stealth        | 6 |  6.0
Invocations    | 1 |  1.0
Fighting       | |  0.9
Short Blades   | |  0.9
Long Blades    | |  0.9
Axes           | |  0.9
Maces & Flails | |  0.9
Polearms       | |  0.9
Staves         | |  2.6
Ranged Weapons | |  0.9
Throwing       | |  0.9
Armour         | |  0.9
Dodging        | |  4.5
Shields        | |  0.9
Unarmed Combat | |  0.9
Spellcasting   | |  2.8
Conjurations   | |  0.6
Hexes          | |  5.4
Summonings     | |  0.6
Necromancy     | |  0.6
Translocations | |  0.6
Transmutations | |  0.6
Fire Magic     | |  0.6
Ice Magic      | |  0.6
Air Magic      | |  0.6
Earth Magic    | |  0.6
Poison Magic   | |  0.6
Evocations     | |  0.9

Action                     || total
---------------------------++-------
  Melee: Quarterstaff      ||    86
         Bite              ||     4
   Cast: Slow              ||    17
    Use: Scroll            ||     1
         Potion            ||     1
   Stab: Sleeping          ||     2
 Armour: Robe              ||    25
  Dodge: Dodged            ||    62

Table legend: (Time is in decaauts)
 A = Elapsed time spent in this place.
 B = Non-inter-level travel time spent in this place.
 C = Inter-level travel time spent in this place.
 D = Time resting spent in this place.
 E = Time spent auto-exploring this place.
 F = Levels seen in this place.
 G = Mean time per level.
                   A        B        C        D        E       F      G
               +--------+--------+--------+--------+--------+-----+--------+
         Total |   1278 |   1196 |     82 |      0 |    930 |   2 |  639.0 |
       Dungeon |   1278 |   1196 |     82 |      0 |    930 |   2 |  639.0 |
               +--------+--------+--------+--------+--------+-----+--------+

Top non-repeatable levels by time:
     D:1: 1152 daAuts
     D:2: 125 daAuts
